 Dungeon Crawl Stone Soup version 0.30.0-19-g36f170ea60 (webtiles) character file.

Game seed: 17931065092699649670

53 NateTC the Trooper (level 3, -1/26 HPs)
             Began as a Gargoyle Fighter on May 30, 2023.
             Killed from afar by an orc wizard (6 damage)
             ... with a magic dart
             ... on level 3 of the Dungeon.
             The game lasted 00:01:28 (1191 turns).

NateTC the Trooper (Gargoyle Fighter)               Turns: 1191, Time: 00:01:28

Health: -1/26      AC: 12    Str: 21    XL:     3   Next: 89%
Magic:  0/3        EV:  9    Int:  8    God:
Gold:   62         SH:  4    Dex:  9    Spells: 2/2 levels left

rFire   + . .        a - +0 flail (flame)
rCold   . . .        c - +0 buckler
rNeg    + . .        b - +0 scale mail
rPois   ∞            j - +1 hat
rElec   +            (no cloak)
rCorr   .            i - +0 pair of gloves
SInv    .            (no boots)
Will    .....        m - amulet of guardian spirit Stlth
                     n - ring of protection from fire
HPRegen 0.24/turn    (no ring)
MPRegen 0.08/turn

%: guardian spirit
@: no status effects
A: sickness immunity, AC +3, negative energy resistance 1, electricity
resistance, torment resistance 1, petrification resistance
a: no special abilities


You were on level 3 of the Dungeon.
You visited 1 branch of the dungeon, and saw 3 of its levels.

You collected 62 gold pieces.

Inventory:

Hand Weapons
 a - a +0 flail of flaming (weapon)
Armour
 b - a +0 scale mail (worn)
 c - a +0 buckler (worn)
 i - a +0 pair of gloves (worn)
 j - a +1 hat (worn)
Jewellery
 m - an amulet of guardian spirit (around neck)
 n - a ring of protection from fire (left hand)
Scrolls
 f - a scroll of brand weapon
 g - a scroll of fog {unknown}
 p - a scroll of blinking {unknown}
 q - a scroll of immolation {unknown}
Potions
 d - 2 potions of might
 e - a potion of haste
 h - a potion of mutation
 l - 2 potions of berserk rage
 o - a potion of cancellation


   Skills:
 * Level 5.1 Fighting
 - Level 2.0 Maces & Flails
 - Level 3.2 Armour
 - Level 3.2 Shields


You had 2 spell levels left.
You didn't know any spells.
Your spell library contained the following spells:

 Spells                   Type           Power      Damage    Failure   Level
 Apportation              Tloc           0%         N/A       82%         1
 Alistair's Intoxication  Tmut/Pois      0%         N/A       100%        5


Dungeon Overview and Level Annotations

Branches:
Dungeon (3/15) Zot: 16776

Altars:
Vehumet


Innate Abilities, Weirdness & Mutations

You are immune to sickness and miasma.
Your stone body is resilient. (AC +3)
You are immune to poison.
You resist negative energy. (rN+)
You are resistant to electric shocks. (rElec)
You are resistant to unholy torment.
You are immune to petrification.


Message History

You are too injured to fight recklessly!
You are too injured to fight recklessly!
You are too injured to fight recklessly!
You are too injured to fight recklessly!
You are too injured to fight recklessly!
You are too injured to fight recklessly!
You are too injured to fight recklessly!
You are too injured to fight recklessly!
You completely miss the orc.
The orc is moderately wounded.
The orc barely misses you.
You feel better. The orc hits you but does no damage.
The orc priest casts a cantrip, but nothing happens.
You hit the orc. You burn the orc.
The orc is severely wounded.
The orc wizard casts a spell.
The orc wizard flickers and vanishes!
Deactivating autopickup; reactivate with Ctrl-A.
The orc hits you but does no damage. The orc completely misses you.
You hit the orc. You burn the orc.
You kill the orc!
You completely miss something.
The orc priest begins to cast a cantrip, but forgets the words!
Something hits you but does no damage.
You miss something. Something hits you but does no damage.
The orc priest mumbles some strange prayers to Beogh against you.
Beogh smites you!
* * * LOW HITPOINT WARNING * * *
Something hits you but does no damage.
You hit something. You burn something. Something hits you but does no damage.
You barely miss something. Something hits you. Something hits you.
* * * LOW HITPOINT WARNING * * *
A magic dart appears from out of thin air!
The magic dart hits you.
* * * LOW HITPOINT WARNING * * *
There is a stone staircase leading up here.
A magic dart appears from out of thin air!
The magic dart hits you.
You die...

.....## #[....(
##.....#
##.#....####
#.>........##.#
..#...........<.
#.$........# #
#.#..@.#####...#
#......{ooo.....
#.#....#####....
# #..### # .....
#..#.# #..#. ..
#.


You could see an orc priest and 2 orcs.

Vanquished Creatures
  2 adders (D:2)
  A dart slug (D:1)
  An orc (D:3)
  3 endoplasms (D:1)
  A giant cockroach (D:1)
  3 goblins
  3 hobgoblins
  3 jackals (D:1)
  A quokka (D:1)
  3 ball pythons
  2 bats
  2 frilled lizards (D:1)
  3 kobolds
  4 rats
32 creatures vanquished.

Notes
Turn   | Place    | Note
-------+----------+-------------------------------------------
     0 | D:1      | NateTC the Gargoyle Fighter began the quest for the Orb.
     0 | D:1      | Reached XP level 1. HP: 14/14 MP: 1/1
   120 | D:1      | Reached XP level 2. HP: 20/20 MP: 2/2
   141 | D:1      | Reached skill level 4 in Fighting
   522 | D:2      | Reached XP level 3. HP: 24/24 MP: 3/3
   671 | D:2      | Found a radiant altar of Vehumet.
  1044 | D:2      | Reached skill level 5 in Fighting
  1191 | D:3      | Killed from afar by an orc wizard

Illustrated notes

Levels and vault maps discovered:
D:1:      minmay_arrival_jagged, layout_rooms, palyth_stone_intersect
D:2:      layout_loops_ring, basic_altar, eino_tiny_chamber, minmay_tetromino_o4
D:3:      layout_loops_ring, zin_treasury, gammafunk_ghost_cemetery,
          serial_shops, nicolae_shop_window_shopping

Skill      XL: |  1  2  3 |
---------------+----------+-----
Fighting       | 4 5 |  5.1
Maces & Flails | |  2.0
Armour         | |  3.2
Shields        | |  3.2

Action                     || total
---------------------------++-------
  Melee: Flail             ||   100
    Use: Scroll            ||     7
         Potion            ||     1
 Armour: Scale mail        ||    46
  Dodge: Dodged            ||    49
  Block: Buckler           ||    22
